AoeStats
← Carlangasmotta

MegaRandom

509754632Analyzed
2v2 RM · 5d ago on Sep 27, 2026· 40m 9s· 4 players
Game mode
Random Map
Map size
Medium (4 player)
Population
200
Speed
Normal
Resources
Standard
Victory
Conquest
Starting age
Dark Age
Ending age
Imperial Age
RankedLock teamsTeams togetherTeam positionsShared explorationLock speedFull tech treeHidden civsTurbo modeCheats
Victory
Defeat
🇦🇷 Mongols · Argentina
926
+38
🇦🇷 Saracens · Argentina
748
+47
🇺🇸 Varangians · United States
900
-19
🇨🇦 Teutons · Canada
843
-16
Carlangasmotta
1:28 Loom
9:27 Loom
16:04 Feudal Age
17:21 Wheelbarrow
16:32 Horse Collar
16:41 Double-Bit Axe
21:25 Forging
21:33 Scale Barding Armor
25:18 Castle Age
27:09 Bow Saw
27:44 Iron Casting
27:51 Chain Barding Armor
27:54 Hand Cart
27:56 Heavy Plow
27:48 Gold Mining
27:53 Stone Mining
33:05 Bloodlines
32:55 Husbandry
33:36 Ballistics
33:12 Murder Holes
37:24 Gold Shaft Mining
36:57 Town Watch
38:15 Town Patrol
38:13 Guard Tower
38:34 Masonry
moto2506
5:31 Loom
8:16 Feudal Age
14:17 Wheelbarrow
23:04 Fishing Lines
25:45 Castle Age
26:31 Scale Barding Armor
31:38 Husbandry
38:02 Double-Bit Axe
38:00 Horse Collar
42:59 Imperial Age
Po bear8617
0:39 Loom
12:40 Feudal Age
14:10 Wheelbarrow
13:21 Town Watch
14:08 Double-Bit Axe
14:18 Gold Mining
18:19 Castle Age
17:12 Horse Collar
17:37 Stone Mining
18:28 Arson
20:05 Husbandry
19:32 Man-at-Arms
28:48 Stone Shaft Mining
28:57 Scale Barding Armor
30:58 Bloodlines
31:30 Scale Mail Armor
33:33 Bow Saw
32:59 Light Cavalry
34:33 Squires
36:22 Heavy Plow
36:31 Pikeman
38:25 Fletching
aelenon
0:43 Loom
13:54 Feudal Age
27:52 Castle Age
28:06 Stone Mining
28:07 Gold Mining
29:17 Pikeman
Connection lost

Rejoining the realm…

Still unreachable

The connection could not be restored.

Session expired

The server has moved on; the page needs a fresh start.